 Dungeon Crawl Stone Soup version 0.29.1 (webtiles) character file.

Game seed: 4708613482401470011

43 MirrMurr the Trooper (level 3, -6/29 HPs)
             Began as a Demonspawn Berserker on Sept 10, 2022.
             Was a Follower of Trog.
             Mangled by Sigmund
             ... wielding a +1 scythe of protection
              (9 damage)
             ... on level 2 of the Dungeon on Sept 13, 2022.
             The game lasted 00:03:16 (1483 turns).

MirrMurr the Trooper (Demonspawn Berserker)         Turns: 1483, Time: 00:03:16

Health: -6/29      AC:  6    Str: 19    XL:     3   Next: 37%
Magic:  3/3        EV: 11    Int:  8    God:    Trog [*.....]
Gold:   80         SH:  0    Dex: 12    Spells: 2/2 levels left

rFire   . . .      SeeInvis .   a - +0 spear
rCold   . . .      Faith    .   (no shield)
rNeg    . . .      Spirit   .   e - +0 ring mail
rPois   .          Reflect  .   (helmet restricted)
rElec   .          Harm     .   (no cloak)
rCorr   .          Rampage  .   (no gloves)
Will    .....                   i - +0 pair of boots
Stlth   +.........              (no amulet)
HPRegen 0.09/turn               (no ring)
MPRegen 0.08/turn               (no ring)

@: on berserk cooldown, slowed, very slow
A: antennae 1
a: Renounce Religion, Berserk


You were on level 2 of the Dungeon.
You worshipped Trog.
Trog was aware of your devotion.
You visited 1 branch of the dungeon, and saw 2 of its levels.

You collected 80 gold pieces.

Inventory:

Hand Weapons
 a - a +0 spear (weapon)
Missiles
 c - 9 stones (quivered)
Armour
 e - a +0 ring mail (worn)
 i - a +0 pair of boots (worn)
Potions
 d - a potion of mutation
 h - a potion of magic {unknown}


   Skills:
 + Level 3.3 Fighting
 * Level 3.3 Polearms
 + Level 2.2 Armour
 + Level 2.2 Dodging


You had 2 spell levels left.
You didn't know any spells.
Your spell library was empty.

Dungeon Overview and Level Annotations

Branches:
Dungeon (2/15)

Altars:

Annotations:
D:2 Sigmund


Innate Abilities, Weirdness & Mutations

You have a pair of small antennae on your head.


Message History

You are too confused!
You are too confused!
You are too confused!
You are too confused!
You are too confused!
You're too confused to aim your attacks!
You're too confused to move!
You feel a strong urge to attack something.
Sigmund hits you but does no damage.
You bump into the rock wall.
You bump into the rock wall.
You feel your anger nearly subside.
You are no longer berserk.
You are exhausted.
You feel yourself slow down. Sigmund hits you but does no damage.
You completely miss Sigmund.
Sigmund is moderately wounded.
Sigmund barely misses you.
You miss Sigmund.
Sigmund is moderately wounded.
Sigmund barely misses you.
You're too confused to move!
You feel less confused.
Sigmund points at you and mumbles some strange words.
The magic dart hits you.
You hit Sigmund but do no damage.
Sigmund is moderately wounded.
Sigmund points at you and mumbles some strange words.
You are confused.
You bump into the rock wall.
Sigmund hits you with a +1 scythe of protection.
You bump into the rock wall.
Sigmund hits you with a +1 scythe of protection.
You bump into the rock wall.
Sigmund hits you with a +1 scythe of protection!
* * * LOW HITPOINT WARNING * * *
Unknown command.
You bump into the rock wall.
You feel less confused.
Sigmund hits you with a +1 scythe of protection!
You die...

################
...............###
###...........#
#...#.#.#.#.#.#
#.#.#.#.#.#@#
#.<.#.#.#.#@#
#...#.#.#.#.#
#...#.#.#.#.#
#............ #
#....#.#.####
#.#....#.#.##
#............
#.>..........


You could see Sigmund.

Vanquished Creatures
  2 gnolls (D:1)
  An endoplasm (D:1)
  2 giant cockroaches (D:1)
  5 hobgoblins (D:1)
  3 jackals (D:1)
  2 ball pythons (D:1)
  2 bats
  2 frilled lizards (D:1)
  4 rats (D:1)
23 creatures vanquished.

Notes
Turn   | Place    | Note
-------+----------+-------------------------------------------
     0 | D:1      | MirrMurr the Demonspawn Berserker began the quest for the
                  | Orb.
     0 | D:1      | Reached XP level 1. HP: 18/18 MP: 1/1
     0 | D:1      | Upgraded the game from 0.29.0-13-gc9e81de378 to 0.29.1
   260 | D:1      | Gained mutation: You have a pair of small antennae on your
                  | head. [demonic ancestry]
   260 | D:1      | Reached XP level 2. HP: 18/24 MP: 2/2
   936 | D:1      | Reached XP level 3. HP: 17/29 MP: 3/3
  1467 | D:2      | Noticed Sigmund
  1483 | D:2      | Mangled by Sigmund

Illustrated notes

Levels and vault maps discovered:
D:1:      lemuel_arrival_hallway, layout_loops_corners,
          hangedman_decor_peaks_small
D:2:      layout_basic, serial_shops, nicolae_shop_trees, st_stairs_13,
          minmay_misc_feat_rows, uniq_robin, uniq_jessica, uniq_terence,
          uniq_sigmund

Skill      XL: |  1  2 |
---------------+-------+-----
Polearms       | 3 |  3.3
Armour         | 2 |  2.2
Dodging        | 2 |  2.2
Fighting       | |  3.3

Action                   || total
-------------------------++-------
Melee: Spear             ||    95
Invok: Berserk           ||     2
  Use: Scroll            ||     3
 Stab: Sleeping          ||     1
Armor: Animal skin       ||     7
       Ring mail         ||     9
Dodge: Dodged            ||    45
